 Dungeon Sprint DCSS version 0.30-a0-777-ga9a30cbeda (webtiles) character file.

Game seed: 14896426792710846340

177 NinjaNoafa the Grasshopper (level 5, 0/76 HPs)
             Began as an Armataur Warper on Feb 14, 2023.
             Was a Priest of Cheibriados.
             Slain by a warg (5 damage)
             ... in the Dungeon (Sprint VII: "The Pits").
             The game lasted 00:02:47 (339 turns).

NinjaNoafa the Grasshopper (Armataur Warper)         Turns: 339, Time: 00:02:48

Health: 0/76       AC: 12    Str: 23    XL:     5   Next: 30%
Magic:  10/12      EV: 10    Int: 23    God:    Cheibriados [***...]
Gold:   0          SH:  0    Dex: 16    Spells: 0/14 levels left

rFire   . . .      SeeInvis .    g - +2 mace (protect)
rCold   . . .      Faith    .    (no shield)
rNeg    . . .      Spirit   .    b - +0 leather armour
rPois   .          Reflect  .    (no helmet)
rElec   .          Harm     .    (no cloak)
rCorr   .          Roll     +    (no gloves)
Will    .....      NoTele   +    (no barding) Stlth
                                 (no amulet)
HPRegen 0.32/turn                (no ring)
MPRegen 0.13/turn                (no ring)

@: berserking, weakened, under a protective aura, very slow
A: large, rugged brown scales 3, deformed body, armoured tail, roll, long
tongue, awkward tongue
a: Renounce Religion, Bend Time, Temporal Distortion


You were in the Dungeon.
You worshipped Cheibriados.
Cheibriados was most pleased with you.
You visited 1 branch

Inventory:

Hand Weapons
 g - a +2 mace of protection (weapon)
Missiles
 d - 7 boomerangs of dispersal (quivered)
Armour
 b - a +0 leather armour (worn)
Scrolls
 c - 2 scrolls of blinking
 k - 5 scrolls of amnesia
 l - a scroll of butterflies
 m - 2 scrolls of vulnerability
Potions
 a - 2 potions of invisibility
 e - 6 potions of curing
 f - 6 potions of heal wounds
 h - 2 potions of magic
 i - a potion of berserk rage


   Skills:
 - Level 5.0 Fighting
 - Level 1.7 Maces & Flails
 - Level 0.8 Throwing
 + Level 4.7 Armour
 + Level 1.6 Dodging
 * Level 5.0 Spellcasting
 + Level 7.1 Translocations
 + Level 0.6 Air Magic


You couldn't memorise any spells.
You knew the following spells:

 Your Spells              Type           Power      Damage    Failure   Level
a - Blink                 Tloc           76%        N/A       1%          2
b - Lesser Beckoning      Tloc           76%        N/A       1%          2
c - Teleport Other        Tloc           38%        N/A       1%          3
d - Vhi's Electric Charg  Tloc/Air       46%        N/A       7%          3
e - Manifold Assault      Tloc           38%        N/A       6%          4

Your spell library contained the following spells:

 Spells                   Type           Power      Damage    Failure   Level


Dungeon Overview and Level Annotations

Branches:
Dungeon (1/1)

Altars:
Ashenzari
Cheibriados
Dithmenos
Elyvilon
Fedhas
Gozag
Hepliaklqana
Kikubaaqudgha
Makhleb
Nemelex Xobeh
Okawaru
Qazlal
Ru
Sif Muna
Trog
Uskayaw
Vehumet
Wu Jian
Xom
Yredelemnul
Zin
The Shining One
Jiyva
Lugonu

Annotations:
D Ijyb


Innate Abilities, Weirdness & Mutations

You are completely covered in rugged brown scales. (AC +3, +7% HP)
Armour fits poorly on your strangely shaped body.
You have a long armoured tail.
You roll when moving toward enemies. (Rampage)
Your long tongue fully drains potion bottles. (2x potion effects)
Your tongue gives you trouble enunciating. (1.5x scroll delay)


Message History

You hit the white imp.
The white imp is heavily wounded.
The gnoll hits you but does no damage.
The gnoll bouda barks out a call to the hunt!
The gnoll picks up the pace!
The white imp shouts, "Decamp, thou churlish flap-mouthed snake-molt!"
The white imp hits you but does no damage. x2
The gnoll is no longer moving quickly.
The white imp hits you.
* * * LOW HITPOINT WARNING * * *
The white imp freezes you.
* * * LOW HITPOINT WARNING * * *
The warg bites you but does no damage.
You slurp down every last drop of the 2 potions of berserk rage!
A red film seems to cover your vision as you go berserk!
Cheibriados forces you to slow down.
You feel mighty!
The orc wizard mumbles some strange words.
The orc wizard flickers and vanishes!
The white imp gestures at you. The puff of frost hits you!
* * * LOW HITPOINT WARNING * * *
The gnoll closely misses you. The warg bites you!
* * * LOW HITPOINT WARNING * * *
You hit the white imp.
The white imp is almost dead.
The warg misses you.
The gnoll bouda hits you but does no damage.
The white imp hits you.
* * * LOW HITPOINT WARNING * * *
The white imp freezes you.
* * * LOW HITPOINT WARNING * * *
The gnoll closely misses you. The warg barely misses you.
The gnoll bouda misses you.
The white imp hits you but does no damage.
The gnoll hits you with a +0 flail.
* * * LOW HITPOINT WARNING * * *
You hit the warg.
Your tail-slap misses the warg.
The warg is lightly wounded.
The gnoll is no longer moving quickly.
The warg bites you.
You die...

#.#).#...#.#####'###
#.#.!#####.##.......
#.#.)'...#.##.......
#.#..'...).##.......
#.#..########...<...
#.#..'.)))[##.......
#.#..#.)))[##.......
#'###########.......
#gh@5...# ########
#.g#g#..# #.##F##.#
#)..g{..# #.##o##.#
#).#.# #.....
#######


You could see a warg, a bullfrog, a gnoll bouda, 3 gnolls, a white imp and an
orc.

Vanquished Creatures
  A floating eye (D)
  A centaur (D)
  A gnoll (D)
  2 orcs (D)
  An endoplasm (D)
  2 goblins (D)
  2 jackals (D)
  A quokka (D)
  A ball python (D)
  A frilled lizard (D)
13 creatures vanquished.

Notes
Turn   | Place    | Note
-------+----------+-------------------------------------------
     0 | D        | NinjaNoafa the Armataur Warper began the quest for the Orb.
     0 | D        | Reached XP level 1. HP: 18/18 MP: 3/3
    38 | D        | Found a bloodstained altar of Trog.
    38 | D        | Found a shimmering blue altar of Sif Muna.
    38 | D        | Found a viscous altar of Jiyva.
    38 | D        | Found a hazy altar of Hepliaklqana.
    38 | D        | Found an opulent altar of Gozag.
    39 | D        | Found a glowing golden altar of the Shining One.
    39 | D        | Found a glowing silver altar of Zin.
    39 | D        | Found a basalt altar of Yredelemnul.
    39 | D        | Found a shimmering altar of Xom.
    39 | D        | Found an ornate altar of the Wu Jian Council.
    39 | D        | Found a sacrificial altar of Ru.
    39 | D        | Found a stormy altar of Qazlal.
    39 | D        | Found an iron altar of Okawaru.
    39 | D        | Found a sparkling altar of Nemelex Xobeh.
    39 | D        | Found a burning altar of Makhleb.
    39 | D        | Found a blossoming altar of Fedhas.
    39 | D        | Found a white marble altar of Elyvilon.
    39 | D        | Found a shadowy altar of Dithmenos.
    39 | D        | Found a snail-covered altar of Cheibriados.
    40 | D        | Found a radiant altar of Vehumet.
    40 | D        | Found a corrupted altar of Lugonu.
    41 | D        | Found an ancient bone altar of Kikubaaqudgha.
    41 | D        | Found a hide-covered altar of Uskayaw.
    41 | D        | Found a broken altar of Ashenzari.
    47 | D        | Became a worshipper of Cheibriados the Contemplative
    66 | D        | Reached * piety under Cheibriados
    84 | D        | Reached skill level 4 in Translocations
    88 | D        | Noticed a floating eye
    89 | D        | Noticed a centaur
    92 | D        | Killed a floating eye
    92 | D        | Reached ** piety under Cheibriados
    93 | D        | Reached skill level 5 in Spellcasting
    93 | D        | Reached skill level 6 in Translocations
    93 | D        | Reached XP level 2. HP: 10/25 MP: 5/8
    93 | D        | Reached XP level 3. HP: 13/31 MP: 5/9
    93 | D        | Reached XP level 4. HP: 16/38 MP: 6/11
    96 | D        | Killed a centaur
    96 | D        | HP: 2/57 [goblin/+0 dagger (1)]
    97 | D        | Reached skill level 7 in Translocations
    97 | D        | Reached skill level 5 in Fighting
    97 | D        | Reached XP level 5. HP: 3/51 MP: 6/12
   296 | D        | Learned a level 2 spell: Blink
   299 | D        | Learned a level 2 spell: Lesser Beckoning
   303 | D        | Learned a level 3 spell: Teleport Other
   308 | D        | Learned a level 4 spell: Manifold Assault
   312 | D        | Learned a level 3 spell: Vhi's Electric Charge
   323 | D        | Noticed Ijyb
   324 | D        | Reached *** piety under Cheibriados
   325 | D        | Noticed a warg
   339 | D        | Slain by a warg

Illustrated notes

Levels and vault maps discovered:
D:        pitsprint [storerooms_1, entrance_room_1, metal_vault_1, armoury_3,
          mini_pit_1, grid_room_1, main_hall_1, silver_pit, the_coven_1,
          the_vestibule_1, steel_vault_1, golden_pit, hallway_of_sentries,
          crystal_vault_4, iron_vault_2, final_vault]

Skill      XL: |  1  2  3  4 |
---------------+-------------+-----
Spellcasting   | 5 |  5.0
Translocations | 6 7 |  7.1
Fighting       | 5 |  5.0
Armour         | 4 |  4.7
Maces & Flails | |  1.7
Throwing       | |  0.8
Dodging        | |  1.6
Air Magic      | |  0.6

Action                     |  1- 3 |  4- 6 || total
---------------------------+-------+-------++-------
  Melee: Mace              |    12 |    24 ||    36
         Tailslap          |     1 |     1 ||     2
         Punch             |     1 |       ||     1
   Cast: Vhi's Electric Ch |       |     4 ||     4
         Manifold Assault  |       |     3 ||     3
    Use: Potion            |     1 |     3 ||     4
 Armour: Leather armour    |     8 |    19 ||    27
  Dodge: Dodged            |     4 |    25 ||    29

Table legend: (Time is in decaauts)
 A = Elapsed time spent in this place.
 B = Non-inter-level travel time spent in this place.
 C = Inter-level travel time spent in this place.
 D = Time resting spent in this place.
 E = Time spent auto-exploring this place.
 F = Levels seen in this place.
 G = Mean time per level.
                   A        B        C        D        E       F      G
               +--------+--------+--------+--------+--------+-----+--------+
         Total |    398 |    348 |     50 |    166 |      0 |   1 |  398.0 |
       Dungeon |    398 |    348 |     50 |    166 |      0 |   1 |  398.0 |
               +--------+--------+--------+--------+--------+-----+--------+

Top non-repeatable levels by time:
       D: 398 daAuts
